 Dungeon Crawl Stone Soup version 0.18.1-5-g4a78601 (webtiles) character file.

388 LORDOFBUTT the Skirmisher (level 6, -8/72 HPs)
             Began as a Demonspawn Berserker on May 10, 2016.
             Was a Priest of Trog.
             Mangled by an orc warrior
             ... wielding a +0 short sword
              (21 damage)
             ... on level 3 of the Dungeon.
             The game lasted 00:03:54 (3038 turns).

LORDOFBUTT the Skirmisher (Demonspawn Berserker)    Turns: 3038, Time: 00:03:55

Health: -8/72      AC:  2    Str: 23    XL:     6   Next: 49%
Magic:  6/6        EV: 16    Int:  8    God:    Trog [***...]
Gold:   121        SH:  0    Dex: 14    Spells: 0 memorised, 5 levels left

rFire  . . .     SeeInvis .     a - +0 spear
rCold  . . .     Gourm    .     b - +0 animal skin
rNeg   . . .     Faith    .     (no shield)
rPois  .         Spirit   .     (helmet restricted)
rElec  .         Dismiss  .     (no cloak)
rCorr  .         Reflect  .     (no gloves)
SustAt .         Harm     .     (no boots)
MR     .....                    (no amulet)
Stlth  ..........               (no ring)
                                (no ring)

@: berserking (expiring), very quick, not resistant to hostile enchantments,
extremely unstealthy
A: antennae 2, repulsion field 1, demonic guardian 1
a: Berserk, Trog's Hand, Burn Spellbooks, Renounce Religion


You were on level 3 of the Dungeon.
You worshipped Trog.
Trog was most pleased with you.
You were not hungry.

You visited 1 branch of the dungeon, and saw 3 of its levels.

You collected 121 gold pieces.

Inventory:

Hand Weapons
 a - a +0 spear (weapon)
Armour
 b - a +0 animal skin (worn)
Jewellery
 e - an uncursed ring of magical power
 j - a +6 amulet of reflection {unknown}
 l - an uncursed ring of see invisible {unknown}
 p - an uncursed amulet of rage {unknown}
Scrolls
 d - 4 scrolls of teleportation {unknown}
 f - a scroll of remove curse {unknown}
 g - 5 scrolls of identify {unknown}
 h - a scroll of immolation {unknown}
 k - 2 scrolls of fear {unknown}
 o - a scroll of fog {unknown}
Potions
 i - 3 potions of curing
 m - a potion of heal wounds {unknown}
 n - a potion of resistance {unknown}
 q - a potion of cure mutation {unknown}
Comestibles
 c - a bread ration


   Skills:
 + Level 4.3 Fighting
 + Level 4.1 Polearms
 + Level 1.9 Armour
 + Level 4.0 Dodging
 + Level 2.1 Stealth


You had 5 spell levels left.
You didn't know any spells.

Dungeon Overview and Level Annotations

Branches:
Dungeon (3/15)

Altars:
Cheibriados
Dithmenos
Nemelex Xobeh


Innate Abilities, Weirdness & Mutations

You have a pair of antennae on your head.
You are surrounded by a mild repulsion field (EV +2).
A weak demonic guardian rushes to your aid.


Message History

a short sword; a robe The orc warrior hits your iron imp with a short sword!
Your iron imp dies!
Your quasit bites the orc warrior but does no damage.
Your quasit claws the orc warrior but does no damage.
Your quasit barely misses the orc warrior.
The orc warrior hits your quasit with a short sword!
Your quasit dies!
Your ufetubus barely misses the orc warrior.
Your ufetubus hits the orc warrior but does no damage.
The orc warrior hits your ufetubus with a short sword!!
Your ufetubus dies!
Drink which item? (? for menu, Esc to quit)
Okay, then.
A red film seems to cover your vision as you go berserk!
You feel yourself moving faster!
You feel mighty!
You feel quite a bit more hungry.
You feel a strong urge to attack something.
The orc warrior hits you with a short sword!!
You die...

{ #.#>.).. #..#####
##.# # ########## #.# #
#........# #.# #
#.######.# #.# # #.#
#..#.###.# # #.#
#........# # #@#
#....###.##### #o#
#....#........ #o#
#.....)......# #.#
#(..##...###.# #.#
#........##...
#.#######....##..#
#.)..{oo.........#
#############........##
..............#.####..


You could see an orc warrior and an orc.

Vanquished Creatures
  Sigmund (D:3)
  A crimson imp (D:3)
  An orc priest (D:3)
  2 orc wizards (D:3)
  5 adders (D:2)
  2 worms (D:2)
  3 giant geckos
  2 orcs (D:3)
  5 bats
  2 giant cockroaches
  6 goblins
  8 hobgoblins
  2 quokkas (D:3)
  A ball python (D:2)
  2 giant newts
  5 kobolds
  6 rats
54 creatures vanquished.

Notes
Turn   | Place    | Note
--------------------------------------------------------------
     0 | D:1      | LORDOFBUTT the Demonspawn Berserker began the quest for the Orb.
     0 | D:1      | Reached XP level 1. HP: 18/18 MP: 1/1
     0 | D:1      | Noticed an elf
     1 | D:1      | Noticed a vampire
     3 | D:1      | Noticed a draconian
     7 | D:1      | Noticed a minotaur skeleton
     8 | D:1      | Noticed a formicid
    16 | D:1      | Noticed a human
    18 | D:1      | Noticed a minotaur zombie
    20 | D:1      | Noticed a minotaur skeleton
   268 | D:1      | Gained mutation: You are surrounded by a mild repulsion field (EV +2). [demonic ancestry]
   268 | D:1      | Reached XP level 2. HP: 24/24 MP: 2/2
   820 | D:2      | Reached ** piety under Trog
   857 | D:2      | Reached XP level 3. HP: 5/29 MP: 3/3
  1133 | D:2      | Found a snail-covered altar of Cheibriados.
  1402 | D:2      | Gained mutation: A weak demonic guardian rushes to your aid. [demonic ancestry]
  1402 | D:2      | Reached XP level 4. HP: 18/36 MP: 4/4
  2057 | D:3      | Noticed Sigmund
  2071 | D:3      | Killed Sigmund
  2071 | D:3      | Reached skill level 1 in Stealth
  2071 | D:3      | Gained mutation: You have a pair of small antennae on your head. [demonic ancestry]
  2071 | D:3      | Reached XP level 5. HP: 36/42 MP: 5/5
  2264 | D:3      | Gained mutation: You have a pair of antennae on your head. [demonic ancestry]
  2264 | D:3      | Reached XP level 6. HP: 39/48 MP: 6/6
  2416 | D:3      | Found a shadowy altar of Dithmenos.
  2429 | D:3      | Found a sparkling altar of Nemelex Xobeh.
  3003 | D:3      | Reached *** piety under Trog
  3012 | D:3      | Noticed an orc warrior
  3038 | D:3      | Mangled by an orc warrior

Skill      XL: |  1  2  3  4  5  6 |
---------------+-------------------+-----
Dodging        | 2 3 4 |  4.0
Polearms       | 3 4 |  4.1
Fighting       | 4 |  4.3
Stealth        | 1 2 |  2.1
Armour         | |  1.9

Action                   |  1- 3 |  4- 6 || total
-------------------------+-------+-------++-------
Melee: Spear             |   131 |   135 ||   266
Invok: Berserk           |       |     3 ||     3
  Use: Potion            |       |     1 ||     1
 Stab: Sleeping          |     2 |     1 ||     3
  Eat: Beef jerky        |     1 |       ||     1
       Bread ration      |       |     2 ||     2
       Fruit             |       |     1 ||     1
Armor: Animal skin       |    13 |     8 ||    21
Dodge: Dodged            |    53 |    64 ||   117
